 Dungeon Crawl Stone Soup version 0.30-a0-743-gbfdf073431 (webtiles) character file.

Game seed: 17697440813809867258

158 jimonade the Magician (level 5, 0/36 HPs)
             Began as a Djinni Fire Elementalist on Feb 6, 2023.
             Slain by a crimson imp (1 damage)
             ... summoned by Natasha
             ... on level 3 of the Dungeon.
             The game lasted 00:05:31 (2776 turns).

jimonade the Magician (Djinni Fire Elementalist)    Turns: 2776, Time: 00:05:31

Health: 0/36       AC:  4    Str:  9    XL:     5   Next: 67%
Gold:   47         EV: 12    Int: 17    God:
                   SH:  0    Dex: 13

rFire   + + +      SeeInvis .    a - +2 falchion (elec)
rCold   x . .      Faith    .    (no shield)
rNeg    . . .      Spirit   .    u - +0 robe
rPois   ∞          Reflect  .    r - +0 helmet
rElec   .          Harm     .    (no cloak)
rCorr   .          Rampage  .    f - +0 pair of gloves
Will    .....                    (boots unavailable)
Stlth   ++                       (no amulet)
HPRegen 0.26/turn                g - ring of protection from fire
MPRegen 0.00/turn                (no ring)

@: flying
A: sickness immunity, fire resistance 2, cold vulnerability 1, float, innate
caster, HP casting, extra vitality 1
a: no special abilities


You were on level 3 of the Dungeon.
You visited 1 branch of the dungeon, and saw 3 of its levels.

You collected 47 gold pieces.

Inventory:

Hand Weapons
 a - a +2 falchion of electrocution (weapon)
 h - a +0 whip of pain
 w - a +1 short sword of speed
Armour
 f - a +0 pair of gloves (worn)
 j - a +0 leather armour
 k - a +0 ring mail
 r - a +0 helmet (worn)
 u - a +0 robe (worn)
Jewellery
 g - a ring of protection from fire (left hand)
Wands
 x - a wand of iceblast (12)
Scrolls
 c - a scroll of enchant weapon {unknown}
 e - a scroll of teleportation {unknown}
 i - a scroll of amnesia {unknown}
 l - a scroll of fog {unknown}
 n - a scroll of immolation {unknown}
 p - a scroll of identify {unknown}
 q - a scroll of noise {unknown}
 t - a scroll of vulnerability {unknown}
 v - a scroll of fear {unknown}
Potions
 b - a potion of magic
 d - 4 potions of curing {unknown}
 m - a potion of heal wounds {unknown}
 o - a potion of resistance {unknown}
 s - a potion of lignification {unknown}
 z - a potion of might {unknown}


   Skills:
 + Level 0.4 Fighting
 + Level 2.4 Dodging
 - Level 1.5 Stealth
 * Level 4.5 Spellcasting


You couldn't memorise any spells.
You knew the following spells:

 Your Spells              Type           Power      Damage    Failure   Level
a - Foxfire               Conj/Fire      76%        2x1d7     2%          1
b - Scorch                Fire           38%        2d7       3%          2
c - Kindle Blastsparks    Fire/Tloc/Air  38%        2d13      7%          3
d - Inner Flame           Hex/Fire       19%        N/A       7%          3
e - Flame Wave            Conj/Fire      19%        2d7       24%         4
f - Freeze                Ice            76%        1d8       2%          1
g - Blink                 Tloc           38%        N/A       3%          2
Your spell library was empty.

Dungeon Overview and Level Annotations

Branches:
Dungeon (3/15)

Altars:
Nemelex Xobeh

Shops:
D:1 *

Annotations:
D:3 Natasha


Innate Abilities, Weirdness & Mutations

You are immune to sickness and miasma.
You are immune to poison.
Your flesh is very heat resistant. (rF++)
You are vulnerable to cold. (rC-)
You float through the air rather than walking.
You learn spells naturally, not from books.
Your magical power is your life essence.
You have superior vitality. (+4 MHP)


Message History

Casting: Scorch (safe; 3% risk of failure)
Confirm with . or Enter, or press ? or * to list all spells.
Flames lash the crimson imp.
The crimson imp completely resists.
Natasha claws you but does no damage.
Casting: Scorch (safe; 3% risk of failure)
Confirm with . or Enter, or press ? or * to list all spells.
Flames lash Natasha.
Natasha is moderately wounded.
Natasha's fire resistance burns away.
Natasha claws you.
Casting: Scorch (safe; 3% risk of failure)
Confirm with . or Enter, or press ? or * to list all spells.
Flames lash the crimson imp.
The crimson imp completely resists.
Natasha claws you.
The crimson imp shouts, "Leave, thou froward knotty-pated gnoll-tail!"
Casting: Scorch (safe; 3% risk of failure)
Confirm with . or Enter, or press ? or * to list all spells.
Flames lash Natasha.
Natasha is burned terribly!
Natasha is almost dead.
Natasha stares at you and mumbles some strange words.
The magic dart hits you.
The crimson imp blinks!
Casting: Scorch (safe; 3% risk of failure)
Confirm with . or Enter, or press ? or * to list all spells.
Flames lash the crimson imp.
The crimson imp completely resists.
* * * LOW HITPOINT WARNING * * *
Natasha claws you!
* * * LOW HITPOINT WARNING * * *
Casting: Scorch (safe; 3% risk of failure)
Confirm with . or Enter, or press ? or * to list all spells.
You don't have enough health to cast this spell.
Unknown command.
Casting: Scorch (safe; 3% risk of failure)
Confirm with . or Enter, or press ? or * to list all spells.
You don't have enough health to cast this spell.
Unknown command.
You closely miss Natasha.
Natasha is almost dead.
Natasha claws you.
* * * LOW HITPOINT WARNING * * *
The crimson imp hits you.
You die...

#+# ..# # #####.# .#
# ...#.##.#.. #
#.#..#..5.. ##
#.#.##.5# .###
#.....@.# ...##
###†###h# ##>.# #.#
... ##.###
###.####### #...#
#.......... ###.##
#.#.####### #..#
#.#.......#
#####'####.#........
#.......##.#.#...#.#


You could see Natasha (combustible) and 2 crimson imps.

Vanquished Creatures
  Ijyb (D:3)
  Terence (D:3)
  Robin (D:2)
  3 adders
  2 worms (D:2)
  2 dart slugs
  2 orcs (D:3)
  4 ball pythons
  5 endoplasms
  A giant cockroach (D:1)
  13 goblins
  7 hobgoblins
  5 kobolds
  3 quokkas
  4 bats
  2 frilled lizards
  3 rats (D:1)
59 creatures vanquished.

Vanquished Creatures (collateral kills)
  4 foxfires
4 creatures vanquished.

Vanquished Creatures (others)
  165 foxfires
  2 fungi (D:3)
167 creatures vanquished.

Grand Total: 230 creatures vanquished

Notes
Turn   | Place    | Note
-------+----------+-------------------------------------------
     0 | D:1      | jimonade the Djinni Fire Elementalist began the quest for
                  | the Orb.
     0 | D:1      | jimonade set off with the following spells memorised:
                  | Foxfire, Scorch, Kindle Blastsparks, Inner Flame, Flame
                  | Wave.
     0 | D:1      | Reached XP level 1. HP: 15/15 MP: 0/0
   126 | D:1      | Reached XP level 2. HP: 17/21 MP: 0/0
   261 | D:1      | Reached skill level 3 in Spellcasting
   274 | D:1      | Found Xoulixti's Assorted Antiques.
   409 | D:1      | Reached XP level 3. HP: 24/25 MP: 0/0
   409 | D:1      | Learned a level 1 spell: Freeze
   911 | D:2      | Found a sparkling altar of Nemelex Xobeh.
  1287 | D:2      | Noticed Robin
  1296 | D:2      | Reached XP level 4. HP: 19/31 MP: 0/0
  1574 | D:2      | Killed Robin
  2328 | D:3      | Reached skill level 4 in Spellcasting
  2364 | D:3      | Found a sparkling altar of Nemelex Xobeh.
  2369 | D:3      | Noticed Terence
  2377 | D:3      | Killed Terence
  2378 | D:3      | Reached XP level 5. HP: 28/36 MP: 0/0
  2378 | D:3      | Learned a level 2 spell: Blink
  2540 | D:3      | Noticed Ijyb
  2545 | D:3      | Killed Ijyb
  2767 | D:3      | Noticed Natasha
  2776 | D:3      | HP: 1/36 [Natasha (1)]
  2776 | D:3      | Slain by a crimson imp

Illustrated notes

Levels and vault maps discovered:
D:1:      erik_arrival_blinker_ship, layout_loops_ring, serial_shops,
          nicolae_shop_trees, st_stairs_14
D:2:      layout_basic, basic_altar, kennysheep_generic_room_12, uniq_robin
D:3:      layout_basic, mainiacjoe_overflow_cross_hatched,
          mainiacjoe_overflow_concentric_impassable, uniq_natasha, uniq_terence,
          uniq_grinder, uniq_ijyb

Skill      XL: |  1  2  3  4 |
---------------+-------------+-----
Spellcasting   | 3 4 |  4.5
Fighting       | |  0.4
Dodging        | |  2.4
Stealth        | |  1.5

Action                     |  1- 3 |  4- 6 || total
---------------------------+-------+-------++-------
  Melee: Falchion          |       |     1 ||     1
   Cast: Foxfire           |    64 |    40 ||   104
         Scorch            |     4 |    27 ||    31
         Inner Flame       |       |     1 ||     1
 Armour: Robe              |     1 |     2 ||     3
  Dodge: Dodged            |     3 |     2 ||     5

Table legend: (Time is in decaauts)
 A = Elapsed time spent in this place.
 B = Non-inter-level travel time spent in this place.
 C = Inter-level travel time spent in this place.
 D = Time resting spent in this place.
 E = Time spent auto-exploring this place.
 F = Levels seen in this place.
 G = Mean time per level.
                   A        B        C        D        E       F      G
               +--------+--------+--------+--------+--------+-----+--------+
         Total |   2775 |   2605 |    170 |    153 |   1985 |   3 |  925.0 |
       Dungeon |   2775 |   2605 |    170 |    153 |   1985 |   3 |  925.0 |
               +--------+--------+--------+--------+--------+-----+--------+

Top non-repeatable levels by time:
     D:2: 1185 daAuts
     D:1: 1049 daAuts
     D:3: 540 daAuts
